 Dungeon Crawl Stone Soup version 0.26-a0-259-g1effd001a9 (webtiles) character file.

Game seed: 18286166224842508497

16 raph the Magician (level 2, -3/15 HPs)
             Began as a Tengu Hedge Wizard on July 15, 2020.
             Slain by a hobgoblin
             ... wielding a +0 club
              (6 damage)
             ... on level 1 of the Dungeon.
             The game lasted 00:01:55 (883 turns).

raph the Magician (Tengu Hedge Wizard)               Turns: 883, Time: 00:01:56

Health: -3/15      AC:  2    Str: 10    XL:     2   Next: 54%
Magic:  0/7        EV: 12    Int: 14    God:
Gold:   0          SH:  0    Dex: 13    Spells: 2/7 levels left

rFire    + . .     SeeInvis .   a - +0 dagger
rCold    + . .     Faith    .   (no shield)
rNeg     . . .     Spirit   .   b - +0 robe
rPois    .         Reflect  .   c - +0 hat
rElec    .         Harm     .   d - scarf {rC+ rF+}
rCorr    .                      (no gloves)
MR       .....                  (boots unavailable)
Stlth    ++........             (no amulet)
HPRegen  0.05/turn              (no ring)
MPRegen  0.10/turn              (no ring)

@: very slightly contaminated
A: beak, talons 3
a: no special abilities


You were on level 1 of the Dungeon.
You were not hungry.

You visited 1 branch of the dungeon, and saw 1 of its levels.

Inventory:

Hand Weapons
 a - a +0 dagger (weapon)
Armour
 b - a +0 robe (worn)
 c - a +0 hat (worn)
 d - a scarf of resistance (worn)
Scrolls
 g - 3 scrolls of remove curse {unknown}
Potions
 e - 2 potions of stabbing {unknown}
 h - a potion of flight {unknown}
 i - a potion of magic {unknown}
Comestibles
 f - 6 rations


   Skills:
 - Level 2.3 Dodging
 - Level 2.1 Stealth
 - Level 3.1 Spellcasting
 + Level 2.3 Conjurations
 + Level 1.4 Summonings
 + Level 0.9 Translocations


You had 2 spell levels left.
You knew the following spells:

 Your Spells              Type           Power        Failure   Level
a - Magic Dart            Conj           #...         9%          1
b - Call Imp              Summ           #.......     19%         2
c - Blink                 Tloc           N/A          22%         2

Your spell library contained the following spells:

 Spells                   Type           Power        Failure   Level
 Slow                     Hex            #.......     32%         2
 Conjure Flame            Conj/Fire      #.......     36%         3
 Mephitic Cloud           Conj/Pois/Air  #.......     43%         3


Dungeon Overview and Level Annotations

Branches:
Dungeon (1/15)

Altars:


Innate Abilities, Weirdness & Mutations

You have a beak for a mouth.
You have claws for feet.


Message History

You are too injured to fight recklessly!
You are too injured to fight recklessly!
You are too injured to fight recklessly!
Casting: Blink (safe; 22% risk of failure)
Confirm with . or Enter, or press ? or * to list all spells.
Aiming: Magic Dart (safe; 9% risk of failure)
Press: ? - help, Shift-Dir - straight line, f - hobgoblin
Aim: a hobgoblin, wielding a +0 club The magic dart hits the hobgoblin.
The hobgoblin is moderately wounded.
The hobgoblin hits you with a +0 club.
* * * LOW HITPOINT WARNING * * *
Casting: Magic Dart (safe; 9% risk of failure)
Confirm with . or Enter, or press ? or * to list all spells.
You don't have enough magic to cast that spell.
Casting: Magic Dart (safe; 9% risk of failure)
Confirm with . or Enter, or press ? or * to list all spells.
A beastly little devil appears in a puff of flame.
The hobgoblin hits you with a +0 club.
You die...

#. ♣P..♣♣P..# #..
♣.♣.PP..#
#...♣♣♣P....#...
#..P♣..)##### #.....##
##.....## ##..g.5#
##.g.####...
.#########@........
........##.########
.######....### ####...##
#.#..## # ###.#♣.P♣♣# ##
###########....♣.PPP♣
.###......(.##.#.#♣♣...♣
.##.....###.##.#.# ♣P..♣


You could see 2 hobgoblins and a friendly crimson imp (summoned).

Vanquished Creatures
  A dart slug (D:1)
  A leopard gecko (D:1)
  A goblin (D:1)
  2 hobgoblins (D:1)
  3 jackals (D:1)
  3 kobolds (D:1)
11 creatures vanquished.

Notes
Turn   | Place    | Note
-------+----------+-------------------------------------------
     0 | D:1      | raph the Tengu Hedge Wizard began the quest for the Orb.
     0 | D:1      | Reached XP level 1. HP: 10/10 MP: 5/5
   478 | D:1      | Reached XP level 2. HP: 12/15 MP: 2/7
   591 | D:1      | Learned a level 2 spell: Call Imp
   594 | D:1      | Learned a level 2 spell: Blink
   883 | D:1      | Slain by a hobgoblin

Illustrated notes

Levels and vault maps discovered:
D:1:      dpeg_arrival_another_circle, layout_loops_corners, serial_forest,
          infiniplex_forest_clump_long, infiniplex_forest_zigzag_2,
          infiniplex_forest_lined_room_, infiniplex_forest_lined_3_way,
          infiniplex_forest_clump_double, infiniplex_forest_straight_2,
          infiniplex_forest_diagonal, infiniplex_forest_straight_2,
          minmay_door_square

Skill      XL: |  1 |
---------------+----+-----
Conjurations   | 2 |  2.3
Dodging        | |  2.3
Stealth        | |  2.1
Spellcasting   | |  3.1
Summonings     | |  1.4
Translocations | |  0.9

Action                   || total
-------------------------++-------
Melee: Dagger            ||    18
       Kick              ||     4
 Cast: Magic Dart        ||    30
       Call Imp          ||     1
 Stab: Sleeping          ||     1
Armor: Robe              ||     2
Dodge: Dodged            ||    20

Table legend:
 A = Non-vault XP
 B = Vault XP
 C = Vault XP percentage of total XP
 D = Non-vault monster count
 E = Vault monster count
 F = Vault count percentage of total count
                 A         B        C        D         E       F
            +---------+---------+-------+---------+---------+-------
      Total |      23 |       0 |   0.0 |      11 |       0 |   0.0
            +---------+---------+-------+---------+---------+-------
        D:1 |      23 |       0 |   0.0 |      11 |       0 |   0.0
            +---------+---------+-------+---------+---------+-------
